 Dungeon Crawl Stone Soup version 0.17-a0-2118-g63bad21 (webtiles) character file.

26 Duffy the Firebug (level 3, -5/26 HPs)
             Began as a Hill Orc Fire Elementalist on Oct 20, 2015.
             Slain by an orc wizard
             ... wielding a +0 dagger
              (6 damage)
             ... on level 1 of the Dungeon.
             The game lasted 00:01:54 (1236 turns).

Duffy the Firebug (Hill Orc Fire Elementalist)      Turns: 1236, Time: 00:01:54

Health: -5/26      AC:  2    Str: 10    XL:     3   Next: 8%
Magic:  2/5        EV: 12    Int: 15    God:
Gold:   70         SH:  0    Dex: 12    Spells: 1 memorised, 4 levels left

rFire  . . .     SeeInvis .     e - +1 whip (freeze)
rCold  . . .     Clarity  .     a - +0 robe
rNeg   . . .     SustAt   .     (no shield)
rPois  .         Gourm    .     (no helmet)
rElec  .         Spirit   .     (no cloak)
rCorr  .         Warding  .     (no gloves)
rMut   .         Stasis   .     (no boots)
MR     .....                    (no amulet)
Stlth  ++........               (no ring)
                                (no ring)

@: not resistant to hostile enchantments, unstealthy
A: no striking features
a: no special abilities


You were on level 1 of the Dungeon.
You were not hungry.

You visited 1 branch of the dungeon, and saw 1 of its levels.

You collected 70 gold pieces.


   Skills:
 - Level 1.5 Dodging
 - Level 1.5 Stealth
 - Level 1.5 Spellcasting
 + Level 2.9 Conjurations
 - Level 3.2 Fire Magic


You had 4 spell levels left.
You knew the following spells:

 Your Spells              Type           Power        Failure   Level  Hunger
a - Flame Tongue          Conj/Fire      ##...        8%          1    ##.....

Inventory:

Hand Weapons
 e - a +1 whip of freezing (weapon)
Missiles
 g - 44 stones
 h - 6 javelins (quivered)
Armour
 a - a +0 robe (worn)
Scrolls
 d - a scroll of recharging {unknown}
 i - a scroll of immolation {unknown}
Books
 b - a book of Flames
Comestibles
 c - 2 bread rations
 f - a meat ration

Dungeon Overview and Level Annotations

Branches:
Dungeon (1/15)

Altars:


Message History

Aiming: Flame Tongue
Press: ? - help, Shift-Dir - straight line, f - orc wizard
Aim: an orc wizard, wielding a dagger and wearing a robe The flame tongue hits the orc wizard.
The orc wizard is heavily wounded.
The orc wizard casts a spell at you. The magic dart hits you!
Casting: Flame Tongue
Confirm with . or Enter, or press ? or * to list all spells.
Aiming: Flame Tongue
Press: ? - help, Shift-Dir - straight line, f/p - orc wizard
Aim: an orc wizard, wielding a dagger and wearing a robe (heavily wounded)
The flame tongue hits the orc wizard.
The orc wizard is severely wounded.
The orc wizard gestures wildly while chanting.
The orc wizard flickers and vanishes!
Deactivating autopickup; reactivate with Ctrl-A.
Casting: Flame Tongue
Confirm with . or Enter, or press ? or * to list all spells.
You can't see any susceptible monsters within range! (Use Z to cast anyway.)
Casting: Flame Tongue
Confirm with . or Enter, or press ? or * to list all spells.
You can't see any susceptible monsters within range! (Use Z to cast anyway.)
Casting: Flame Tongue
Confirm with . or Enter, or press ? or * to list all spells.
You can't see any susceptible monsters within range! (Use Z to cast anyway.)
Casting: Flame Tongue
Confirm with . or Enter, or press ? or * to list all spells.
You can't see any susceptible monsters within range! (Use Z to cast anyway.)
Casting: Flame Tongue
Confirm with . or Enter, or press ? or * to list all spells.
Aiming: Flame Tongue
Press: ? - help, Shift-Dir - straight line Something hits you.
You die...

#.# #......#####..
#o# #.##.#.......#
#.#
##.##..##..####
#.#
##..###.##......
#.#
###..####..#.#####
#.#
#...####.......##
#.# #)###
#.........#
#†###.#
##.......##
#...#@# #########
###.{.# #####


There were no monsters in sight!

Action                   || total
-------------------------++-------
Melee: Whip              ||    53
 Cast: Flame Tongue      ||    26
  Eat: Chunk             ||     2

Notes
Turn   | Place    | Note
--------------------------------------------------------------
     0 | D:1      | Duffy the Hill Orc Fire Elementalist began the quest for the Orb.
     0 | D:1      | Reached XP level 1. HP: 14/14 MP: 3/3
   389 | D:1      | Reached skill level 2 in Conjurations
   389 | D:1      | Reached XP level 2. HP: 20/20 MP: 2/4
  1138 | D:1      | Reached XP level 3. HP: 11/26 MP: 5/5
  1236 | D:1      | Slain by an orc wizard

Vault maps used:
D:1:      dpeg_arrival_erosion

Vanquished Creatures
  A giant gecko
  7 goblins
  3 hobgoblins
  5 kobolds
  4 bats
  3 rats
23 creatures vanquished.
